 Dungeon Crawl Stone Soup version 0.29-a0-670-g5ff2a30383 (webtiles) character file.

Game seed: 11670652352371043741

42744 Glafi the Eclecticist (level 13, -4/51 HPs)
             Began as a Spriggan Summoner on June 19, 2022.
             Was a High Priest of Hepliaklqana.
             Slain by an orc sorcerer
             ... wielding a +0 dagger
             ... led by an orc knight
              (6 damage)
             ... on level 1 of the Orcish Mines on June 24, 2022.
             The game lasted 03:38:27 (23956 turns).

Glafi the Eclecticist (Spriggan Summoner)          Turns: 23956, Time: 03:38:28

Health: -4/51      AC:  8    Str:  4    XL:     13   Next: 87%
Magic:  0/38       EV: 20    Int: 27    God:    Hepliaklqana [*****.]
Gold:   1027       SH:  0    Dex: 16    Spells: 30/53 levels left

rFire   . . .      SeeInvis +   u - +0 dagger (venom)
rCold   + . .      Faith    .   (no shield)
rNeg    . . .      Spirit   +   C - +1 steam dragon scales
rPois   .          Reflect  .   (helmet restricted)
rElec   .          Harm     .   M - +1 cloak {rC+}
rCorr   .          Rampage  .   (gloves unavailable)
Will    +++..                   (boots unavailable)
Stlth   +++++.....              w - amulet of guardian spirit
HPRegen 0.97/turn               r - +6 ring of intelligence
MPRegen 0.26/turn               D - ring of willpower

@: very quick
A: reduced essence, very small, no large weapons, unfitting armour, see
invisible, speed 3, mutation resistance 1, regeneration 1
a: Renounce Religion, Recall Ancestor, Ancestor Identity, Transference, Idealise


You were on level 1 of the Orcish Mines.
You worshipped Hepliaklqana.
Hepliaklqana was extremely pleased with you.
You visited 3 branches of the dungeon, and saw 16 of its levels.
You also visited: Ice Cave.

You collected 1627 gold pieces.
You spent 600 gold pieces at shops.

Inventory:

Hand Weapons
 u - a +0 dagger of venom (weapon)
 A - a +0 shortbow
Missiles
 c - 26 poisoned darts (quivered)
 j - 11 boomerangs
 s - 107 stones
 y - a curare-tipped dart
 L - 2 throwing nets
Armour
 C - +1 steam dragon scales (worn)
 M - a +1 cloak of cold resistance (worn)
 N - a +0 troll leather armour
Magical Staves
 f - a staff of poison
 x - a staff of earth
 O - a staff of cold
Jewellery
 r - a +6 ring of intelligence (left hand)
 w - an amulet of guardian spirit (around neck)
 D - a ring of willpower (right hand)
Wands
 a - a wand of quicksilver (7)
 t - a wand of flame (32)
 v - a wand of iceblast (19)
Scrolls
 d - 4 scrolls of teleportation
 h - a scroll of enchant weapon {unknown}
 i - 3 scrolls of amnesia
 k - 9 scrolls of identify
 m - 2 scrolls of magic mapping
 G - a scroll of poison {unknown}
 H - a scroll of blinking {unknown}
 I - a scroll of brand weapon {unknown}
 J - 3 scrolls of enchant armour
Potions
 b - 2 potions of magic
 e - 7 potions of heal wounds
 g - a potion of flight {unknown}
 l - 6 potions of mutation
 n - a potion of berserk rage
 o - 5 potions of curing
 p - a potion of invisibility
 q - 4 potions of haste {unknown}
 z - 2 potions of resistance
 B - a potion of lignification {unknown}
 E - 4 potions of brilliance
 F - 2 potions of might
Miscellaneous
 K - a lightning rod (4/4)


   Skills:
 - Level 1.4 Fighting
 - Level 1.0 Bows
 + Level 6.7 Dodging
 + Level 11.6 Stealth
 * Level 20.5 Spellcasting
 + Level 0.2 Conjurations
 - Level 3.1 Hexes
 * Level 9.1 Summonings
 + Level 3.6 Necromancy
 + Level 0.1 Transmutations
 - Level 1.0 Air Magic
 - Level 5.5 Earth Magic
 - Level 0.1 Poison Magic
 * Level 6.2 Invocations


You had 30 spell levels left.
You knew the following spells:

 Your Spells              Type           Power      Damage    Failure   Level
a - Borgnjor's Vile Clut  Necr/Erth      25%        N/A       6%          5
b - Call Imp              Summ           67%        N/A       1%          2
c - Call Canine Familiar  Summ           67%        N/A       1%          3
d - Tukima's Dance        Hex            44%        N/A       1%          3
e - Summon Guardian Gole  Hex/Summ       57%        N/A       1%          3
f - Petrify               Tmut/Erth      43%        N/A       4%          4
g - Mephitic Cloud        Conj/Pois/Air  30%        N/A       3%          3

Your spell library contained the following spells:

 Spells                   Type           Power      Damage    Failure   Level
 Beastly Appendage        Tmut           56%        N/A       1%          1
 Summon Small Mammal      Summ           100%       N/A       1%          1
 Ensorcelled Hibernation  Hex/Ice        72%        N/A       1%          2
 Sublimation of Blood     Necr           47%        N/A       1%          2
 Summon Lightning Spire   Summ/Air       53%        N/A       1%          4
 Wereblood                Tmut           28%        N/A       2%          2
 Portal Projectile        Hex/Tloc       72%        N/A       2%          3
 Anguish                  Hex/Necr       23%        N/A       3%          4
 Conjure Flame            Conj/Fire      28%        6-21      4%          3
 Ignite Poison            Fire/Tmut/Pois 28%        N/A       4%          3
 Spider Form              Tmut/Pois      28%        N/A       4%          3
 Passage of Golubria      Tloc           27%        N/A       14%         4
 Sticky Flame             Conj/Fire      28%        2d5       14%         4
 Silence                  Hex/Air        19%        N/A       17%         5
 Freezing Cloud           Conj/Ice/Air   15%        6-21      34%         5
 Alistair's Intoxication  Tmut/Pois      18%        N/A       36%         5
 Blade Hands              Tmut           14%        N/A       36%         5
 Irradiate                Conj/Tmut      14%        3d18      36%         5
 Simulacrum               Ice/Necr       18%        N/A       71%         6
 Malign Gateway           Summ/Tloc      25%        N/A       88%         7
 Spellforged Servitor     Conj/Summ      26%        N/A       88%         7
 Eringya's Noxious Bog    Tmut/Pois      14%        N/A       91%         6
 Summon Horrible Things   Summ           33%        N/A       92%         8
 Orb of Destruction       Conj           14%        9d7       100%        7
 Lehudib's Crystal Spear  Conj/Erth      21%        10d6      100%        8
 Polar Vortex             Ice            13%        N/A       100%        9


Dungeon Overview and Level Annotations

Branches:
Dungeon (10/15)            Temple (0/1) D:6            Lair (4/6) D:10
 Shoals (0/4) Lair:3        Snake (0/4) Lair:2          Orc (2/2) D:9
    Elf (0/3) Orc:2         IceCv (visited)

Altars:
Ashenzari
Cheibriados
Elyvilon
Hepliaklqana
Makhleb
Okawaru
Sif Muna
Uskayaw
Wu Jian
Xom

Shops:
Orc:2 *:*[(

Annotations:
Orc:2 exclusion: oklob plant


Innate Abilities, Weirdness & Mutations

Your life essence is reduced to manifest your ancestor. (-10% HP)
You are very small and have problems with some larger weapons.
You are too small for most types of armour.
You have supernaturally acute eyesight. (SInv)
You cover ground extremely quickly. (Speed+++)
You are somewhat resistant to further mutation.
Your natural rate of healing is unusually fast.


Message History

You hit the orc priest but do no damage.
The orc priest closely misses you.
Agathocle hits the orc priest with a +0 flail!
You barely miss the orc priest.
The orc priest is heavily wounded.
The orc priest calls down the wrath of Beogh upon you.
You resist with almost no effort.
Agathocle hits the orc priest with a +0 flail!
The orc priest dies!
You climb upwards.
The orc wizard shouts!
The orc warrior shouts!
You hear a shout! x3
The ogre completely misses you.
The orc warrior hits you with a +0 hand axe.
The orc warrior hits Agathocle with a +0 hand axe.
The orc hits you but does no damage. The orc sorcerer closely misses you.
The orc warrior barely misses you.
The orc warlord roars a battlecry!
The orcs go into a battle-frenzy!
The orc wizard mumbles some strange words.
The orc wizard flickers and vanishes for a moment.
The orc priest calls down the wrath of Beogh upon you.
Beogh smites you! The orc misses you.
The orc warrior hits you with a +0 hand axe.
The orc warrior hits you with a +0 hand axe!
The orc warrior hits Agathocle with a +0 hand axe.
The orc warlord roars a battlecry!
The orc hits you with a +0 dagger.
The orc sorcerer hits you but does no damage.
The warg bites you.
There is a stone staircase leading down, spattered with blood here.
The ogre hits you with a +0 giant spiked club!!
The warg bites you!
The orc priest calls down the wrath of Beogh upon you.
Beogh smites you!
* * * LOW HITPOINT WARNING * * *
The orc warrior hits you with a +0 hand axe!
* * * LOW HITPOINT WARNING * * *
Agathocle blocks the orc warrior's attack.
The orc sorcerer hits you with a +0 dagger!
You die...

.. ...o...#....
..o .T.........
..o##..o.......
.oo............
....oo.o.......
..o....oo......
...o.oRooo.....
o..o.oo@O#


o...oohoo.# .......)...# ............. ...o........... .#............#
..#...#.......# .##...#......## You could see the friendly Agathocle the knight,
an orc warlord, a troll, a warg, an orc sorcerer (strong), 7 orc warriors, an
ogre, 2 orc priests, 5 orc wizards and 11 orcs.

Vanquished Creatures
  An orc high priest (Orc:2)
  An orc knight (Orc:2)
  A merfolk siren (Lair:3)
  A cane toad (Lair:3)
  A troll (Orc:1)
  A yak (Lair:2)
  A basilisk (D:10)
  2 steam dragons
  Edmund (D:5)
  A harpy simulacrum (IceCv)
  4 water moccasins
  2 acid dragons
  4 orc warriors
  An ice beast (D:6)
  An ogre (Orc:2)
  4 bullfrogs
  A scorpion (D:7)
  A wight (D:8)
  2 killer bees (D:8)
  2 hounds
  3 orc priests (Orc:2)
  2 orc wizards
  3 troll simulacra (IceCv)
  A gnoll (D:8)
  An adder (D:3)
  A naga simulacrum (IceCv)
  3 white imps
  2 ufetubi
  A worm (D:3)
  20 orcs
  3 bats
  2 endoplasms
  3 giant cockroaches
  2 goblins
  2 hobgoblins
  2 jackals (D:1)
  2 quokkas
  2 kobolds
  7 rats
95 creatures vanquished.

Vanquished Creatures (collateral kills)
  A two-headed ogre (Orc:2)
  4 orc high priests (Orc:2)
  Pikel (D:7)
  3 orc knights
  5 orc sorcerers (Orc:2)
  2 wolf spiders (Lair:4)
  A spectral centaur (D:9)
  A black mamba (Lair:3)
  6 cane toads
  A kobold demonologist (D:10)
  3 rime drakes (Lair:2)
  4 komodo dragons
  3 trolls
  The ghost of Lekart the Chopper, an amateur DrFi of Ignis (D:5)
  A spectral meliai (D:9)
  Sigmund (D:5)
  2 wyverns
  18 yaks
  A dire elephant simulacrum (IceCv)
  Eustachio (D:5)
  2 basilisks
  A steam dragon (D:6)
  A death yak simulacrum (IceCv)
  Menkaure (D:5)
  2 nagas (Lair:2)
  2 wargs (Orc:2)
  5 water moccasins
  29 orc warriors
  2 ice beasts
  2 black bears
  2 swamp drakes
  A sky beast (D:7)
  10 ogres
  5 wolves
  A centaur (D:9)
  2 lemures (D:7)
  2 phantoms
  3 kobold brigands
  2 cane toad simulacra (IceCv)
  7 bullfrogs
  A gnoll sergeant (D:8)
  7 scorpions
  2 necrophages
  5 two-headed ogre simulacra (IceCv)
  13 wights
  6 killer bees
  3 elephant simulacra (IceCv)
  2 electric eels (Lair:3)
  A gnoll shaman (D:4)
  A jelly (D:5)
  25 orc priests
  2 hounds
  26 orc wizards
  A polar bear simulacrum (IceCv)
  4 spriggan simulacra (IceCv)
  2 troll simulacra (IceCv)
  2 wolf simulacra (IceCv)
  2 ogre zombies (D:5)
  12 gnolls
  A gnoll zombie (D:5)
  2 adders
  2 naga simulacra (IceCv)
  A shadow imp (D:6)
  10 white imps
  5 ufetubi
  2 worms (D:3)
  A dart slug (D:4)
  63 orcs
  3 bats
  2 endoplasms (D:2)
  2 giant cockroaches (D:3)
  4 hobgoblins
  4 jackals
  5 quokkas
  3 frilled lizards
  4 goblins
  23 kobolds
  A rat (D:3)
397 creatures vanquished.

Vanquished Creatures (others)
  An orc warlord (Orc:2)
  A reaper (IceCv)
  2 hydras
  A two-headed ogre (Orc:1)
  The ghost of JosephDoom the Grappler, a novice TrFi of Cheibriados (D:9)
  An orc knight (Orc:2)
  A cyclops (D:9)
  An ice statue (IceCv)
  A cane toad (Lair:3)
  A komodo dragon (D:10)
  3 entropy weaver simulacra (IceCv)
  3 centaur simulacra (D:9)
  2 wyverns
  A dire elephant simulacrum (IceCv)
  13 yaks
  A basilisk (Lair:4)
  5 dancing weapons
  A death yak simulacrum (IceCv)
  2 wargs
  5 orc warriors
  4 wolves
  A centaur (D:8)
  A cane toad simulacrum (IceCv)
  6 knights
  A spectral boggart (D:9)
  2 orc wizards (Orc:2)
  A wolf simulacrum (IceCv)
  A gnoll (D:8)
  5 ancestors (D:5)
  An ufetubus (IceCv)
  2 orcs (Orc:2)
  4 fungi
  14 plants
90 creatures vanquished.

Grand Total: 582 creatures vanquished

Notes
Turn   | Place    | Note
-------+----------+-------------------------------------------
     0 | D:1      | Glafi the Spriggan Summoner began the quest for the Orb.
     0 | D:1      | Reached XP level 1. HP: 9/9 MP: 5/5
   304 | D:1      | Reached XP level 2. HP: 13/13 MP: 1/6
   307 | D:1      | Learned a level 2 spell: Call Imp
   840 | D:1      | Found a faded altar of an unknown god.
  1649 | D:2      | Noticed a scorpion
  1869 | D:2      | Reached XP level 3. HP: 10/17 MP: 2/8
  2014 | D:2      | Learned a level 3 spell: Call Canine Familiar
  2034 | D:2      | Killed a scorpion
  2035 | D:2      | Reached skill level 1 in Fighting
  2035 | D:2      | Reached skill level 3 in Spellcasting
  2035 | D:2      | Reached XP level 4. HP: 22/22 MP: 4/9
  2547 | D:3      | Found a snail-covered altar of Cheibriados.
  2551 | D:3      | Found a shimmering altar of Xom.
  2895 | D:3      | Noticed a nameless horror
  3148 | D:3      | Reached XP level 5. HP: 25/25 MP: 8/11
  3226 | D:3      | Reached skill level 4 in Spellcasting
  3340 | D:3      | Found a hazy altar of Hepliaklqana.
  3345 | D:3      | Became a worshipper of Hepliaklqana the Forgotten
  3737 | D:4      | Noticed a phantom
  3767 | D:4      | Reached skill level 1 in Hexes
  3834 | D:4      | Killed a phantom
  3835 | D:4      | Reached skill level 5 in Spellcasting
  3835 | D:4      | Reached XP level 6. HP: 30/30 MP: 0/14
  4334 | D:4      | Reached skill level 6 in Spellcasting
  4414 | D:4      | Reached * piety under Hepliaklqana
  4985 | D:5      | Entered Level 5 of the Dungeon
  5014 | D:4      | Reached XP level 7. HP: 14/29 MP: 4/17
  5506 | D:5      | Gained mutation: Your natural rate of healing is unusually
                  | fast. [potion of mutation]
  5506 | D:5      | Gained mutation: You are somewhat resistant to further
                  | mutation. [potion of mutation]
  5562 | D:5      | Noticed Menkaure
  5578 | D:5      | Killed Menkaure
  5579 | D:5      | Reached skill level 7 in Spellcasting
  5585 | D:5      | Learned a level 3 spell: Tukima's Dance
  5616 | D:5      | Noticed Eustachio
  5662 | D:5      | Killed Eustachio
  5663 | D:5      | Reached skill level 5 in Stealth
  5663 | D:5      | Reached skill level 5 in Summonings
  5794 | D:5      | Reached skill level 8 in Spellcasting
  5794 | D:5      | Reached XP level 8. HP: 33/33 MP: 15/21
  5856 | D:5      | Identified the +0 chain mail of Minor Irritation {rCorr}
  5892 | D:5      | Noticed Sigmund
  6052 | D:5      | Reached skill level 9 in Spellcasting
  6146 | D:5      | Found a white marble altar of Elyvilon.
  6240 | D:5      | Found a transporter.
  6282 | D:5      | Found a transporter.
  6498 | D:5      | Noticed Lekart's ghost (amateur DrFi)
  6501 | D:5      | Found a runed translucent door.
  6514 | D:5      | Noticed Edmund
  6528 | D:5      | Killed Edmund
  7026 | D:5      | Killed Sigmund
  7027 | D:5      | Reached skill level 10 in Spellcasting
  7056 | D:5      | Reached ** piety under Hepliaklqana
  7057 | D:5      | Remembered your ancestor Agathocle as a knight
  7066 | D:5      | Found a broken altar of Ashenzari.
  7196 | D:6      | Found an ornate altar of the Wu Jian Council.
  7323 | D:6      | Found a hide-covered altar of Uskayaw.
  7408 | D:6      | Reached XP level 9. HP: 36/36 MP: 16/24
  7416 | D:6      | Learned a level 3 spell: Summon Guardian Golem
  7667 | D:6      | Reached skill level 11 in Spellcasting
  7892 | D:6      | Found a staircase to the Ecumenical Temple.
  8335 | D:7      | Noticed Pikel
  8351 | D:7      | Killed Pikel
  8352 | D:7      | Reached skill level 12 in Spellcasting
  9213 | D:8      | Reached XP level 10. HP: 32/41 MP: 14/27
  9355 | D:8      | Reached skill level 13 in Spellcasting
  9525 | D:8      | Reached *** piety under Hepliaklqana
  9568 | D:8      | Found a shimmering blue altar of Sif Muna.
 10207 | D:8      | Found an iron altar of Okawaru.
 10285 | D:9      | Noticed a six-headed hydra
 10295 | D:9      | Killed a six-headed hydra
 10297 | D:9      | Reached skill level 14 in Spellcasting
 10315 | D:9      | Noticed a cyclops
 10333 | D:9      | Killed a cyclops
 10894 | D:9      | Found a runed translucent gate.
 10894 | D:9      | Found a runed translucent gate.
 10894 | D:9      | Found a runed translucent gate.
 10894 | D:9      | Noticed a spectral centaur warrior
 10896 | D:9      | Noticed JosephDoom's ghost (novice TrFi)
 11041 | D:5      | Killed Lekart's ghost
 11553 | D:9      | Found a staircase to the Orcish Mines.
 11567 | D:9      | Reached skill level 1 in Bows
 11567 | D:9      | Reached XP level 11. HP: 44/44 MP: 23/30
 11578 | D:9      | Learned a level 5 spell: Borgnjor's Vile Clutch
 11817 | D:9      | Reached skill level 5 in Dodging
 11817 | D:9      | Reached skill level 15 in Spellcasting
 11824 | D:9      | Reached skill level 10 in Stealth
 11832 | D:9      | Killed JosephDoom's ghost
 11833 | D:9      | Reached skill level 1 in Earth Magic
 12002 | D:10     | Entered Level 10 of the Dungeon
 12080 | D:10     | Identified the +6 long sword of Mayhem {spect, Str+2}
 12138 | D:10     | Reached **** piety under Hepliaklqana
 12393 | D:10     | Found a staircase to the Lair.
 12775 | Lair:1   | Entered Level 1 of the Lair of Beasts
 13565 | Lair:1   | Reached skill level 1 in Invocations
 13570 | Lair:1   | Reached skill level 16 in Spellcasting
 14363 | Lair:2   | Found a frozen archway.
 14373 | Lair:2   | Reached XP level 12. HP: 47/47 MP: 22/33
 14383 | IceCv    | Entered an ice cave
 15227 | IceCv    | Noticed a reaper
 15265 | IceCv    | Reached skill level 17 in Spellcasting
 15542 | IceCv    | Killed a reaper
 15724 | IceCv    | Learned a level 4 spell: Petrify
 16835 | Lair:2   | Found a staircase to the Snake Pit.
 16931 | Lair:2   | Got Ribanexe's Volume of Venomous Flight
 16943 | Lair:2   | Found a burning altar of Makhleb.
 16948 | Lair:2   | Learned a level 3 spell: Mephitic Cloud
 17306 | Lair:2   | Noticed a five-headed hydra
 17337 | Lair:2   | Killed a five-headed hydra
 17345 | Lair:2   | Reached skill level 18 in Spellcasting
 17358 | Lair:2   | Reached skill level 1 in Necromancy
 17615 | Lair:3   | Reached ***** piety under Hepliaklqana
 18390 | Lair:3   | Found a staircase to the Shoals.
 18904 | Lair:4   | Reached skill level 5 in Invocations
 18908 | Lair:4   | Reached XP level 13. HP: 50/51 MP: 26/36
 19141 | Orc:1    | Entered Level 1 of the Orcish Mines
 19188 | Orc:1    | Reached skill level 19 in Spellcasting
 19358 | Orc:2    | Entered Level 2 of the Orcish Mines
 20192 | Orc:1    | Reached skill level 1 in Air Magic
 20655 | Orc:2    | Reached skill level 5 in Earth Magic
 20697 | Orc:2    | Upgraded the game from 0.29-a0-632-g781b4ac09e to
                  | 0.29-a0-670-g5ff2a30383
 20796 | Orc:2    | Found a staircase to the Elven Halls.
 20894 | Orc:2    | Found Jiec's Assorted Antiques.
 21938 | Orc:2    | Noticed an orc warlord
 21980 | Orc:2    | Killed an orc warlord
 21981 | Orc:2    | Reached skill level 20 in Spellcasting
 22792 | Orc:2    | Found Enuilaf's General Store.
 22793 | Orc:2    | Found Qiylenua's Book Emporium.
 22796 | Orc:2    | Found Fonnumm's Antique Armour Emporium.
 22796 | Orc:2    | Found Xyetiwa's Antique Weapon Shoppe.
 22881 | Orc:2    | Bought a book of Dangerous Friends for 600 gold pieces
 23540 | Orc:1    | Noticed an orc warlord
 23956 | Orc:1    | HP: 2/51 [orc warrior/+0 hand axe[an orc warlord] (9)]
 23956 | Orc:1    | Slain by an orc sorcerer

Illustrated notes

Levels and vault maps discovered:
D:1:      dpeg_arrival_tiny_g, layout_basic, hellmonk_ecumenical_altar_lost_god
D:2:      layout_basic
D:3:      layout_loops_ring, nicolae_hepliaklqana_hippocampus,
          mainiacjoe_overflow_catwalk_spiral, hangedman_decor_points
D:4:      layout_loops_corners
D:5:      gammafunk_cloud_chamber, layout_cave_pods,
          ashenzari_conservatory_becter, kennysheep_mini,
          hellmonk_ghost_happy_afterlife, uniq_sigmund, uniq_edmund,
          uniq_eustachio, uniq_menkaure
D:6:      layout_cave_pools, mainiacjoe_overflow_paths,
          nicolae_wu_jian_wuxing_cycle, lemuel_temple_firewalk_b,
          chequers_hall_statues_corner_a
D:7:      layout_gridville, uniq_pikel
D:8:      layout_cave_pools, okawaru_altar_gauntlet_db,
          nicolae_sif_muna_condensation, sigmund_army
D:9:      layout_loops_ring, erik_orc_1, gammafunk_ghost_necromancy
D:10:     layout_gridville, erik_lair_dragon, serial_rivers,
          chequers_serial_rivers_room_b, chequers_serial_rivers_marsh,
          chequers_serial_rivers_small_b, chequers_serial_rivers_small_a,
          chequers_serial_rivers_room_a, kennysheep_generic_room_9
Lair:1:   layout_cave_shapes, grunt_megastairs_4, infiniplex_staircase_pool
Lair:2:   layout_cave_pods, guppyfry_snake_entry_garden, portal_ice_cave_rime,
          basic_altar
Lair:3:   layout_cave_pods, minmay_shoals_entry_lonely_mermaid,
          serial_bayou_shore_a
Lair:4:   layout_cave_pods, gammafunk_ghost_arena,
          nicolae_lair_run_with_the_wolves, uniq_josephine
Orc:1:    nicolae_orc_accident_3, layout_caves
Orc:2:    st_orc_congregation, layout_caves, serial_shops, shop_statue,
          mines3_lemuel

Skill      XL: |  1  2  3  4  5  6  7  8  9 10 11 12 13 |
---------------+----------------------------------------+-----
Dodging        | 3 4 6 |  6.7
Fighting       | 1 |  1.4
Spellcasting   | 3 5 6 8 10 12 14 16 18 20 | 20.5
Summonings     | 4 5 6 7 8 9 |  9.1
Stealth        | 4 5 6 8 9 10 11 | 11.6
Hexes          | 1 2 3 |  3.1
Bows           | 1 |  1.0
Earth Magic    | 3 4 5 |  5.5
Invocations    | 2 5 6 |  6.2
Necromancy     | 2 3 |  3.6
Air Magic      | 1 |  1.0
Conjurations   | |  0.2
Transmutations | |  0.1
Poison Magic   | |  0.1

Action                   |  1- 3 |  4- 6 |  7- 9 | 10-12 | 13-15 || total
-------------------------+-------+-------+-------+-------+-------++-------
Melee: Dagger            |    56 |    22 |    52 |   121 |    54 ||   305
       Unarmed           |     4 |       |       |       |       ||     4
       Punch             |     1 |       |       |     2 |     1 ||     4
 Fire: Shortbow          |       |       |       |    20 |       ||    20
Throw: Boomerang         |     5 |     5 |     6 |       |       ||    16
       Dart              |       |       |     1 |       |    32 ||    33
 Cast: Summon Small Mamm |    23 |     5 |    11 |       |       ||    39
       Call Imp          |    13 |     7 |    13 |    42 |     6 ||    81
       Call Canine Famil |     1 |    31 |    38 |    82 |    44 ||   196
       Tukima's Dance    |       |       |     5 |     4 |    22 ||    31
       Summon Guardian G |       |       |    11 |   111 |    49 ||   171
       Mephitic Cloud    |       |       |       |     1 |    11 ||    12
       Borgnjor's Vile C |       |       |       |       |    19 ||    19
       Petrify           |       |       |       |       |     1 ||     1
Invok: Recall Ancestor   |       |     1 |    11 |    28 |    10 ||    50
       Ancestor Identity |       |     1 |       |       |       ||     1
       Ancestor Life: Kn |       |       |     1 |       |       ||     1
       Transference      |       |       |       |     2 |     5 ||     7
       Idealise          |       |       |       |     1 |       ||     1
  Use: Potion            |       |       |     4 |       |     2 ||     6
       Scroll            |       |       |    11 |     3 |     1 ||    15
 Stab: Sleeping          |     4 |    10 |     5 |    25 |     3 ||    47
       Distracted        |       |     1 |     1 |     4 |     2 ||     8
       Confused          |       |       |       |       |     2 ||     2
       Invisible         |       |       |       |       |     1 ||     1
Armor: Robe              |     9 |     2 |     5 |       |       ||    16
       Steam dragon scal |       |       |     2 |    19 |     9 ||    30
Dodge: Dodged            |    72 |    26 |    71 |   116 |   103 ||   388

Table legend: (Time is in decaauts)
 A = Elapsed time spent in this place.
 B = Non-inter-level travel time spent in this place.
 C = Inter-level travel time spent in this place.
 D = Time resting spent in this place.
 E = Time spent auto-exploring this place.
 F = Levels seen in this place.
 G = Mean time per level.
                   A        B        C        D        E       F      G
               +--------+--------+--------+--------+--------+-----+--------+
         Total |  18822 |  17846 |    976 |   5009 |   7300 |  17 | 1107.2 |
       Dungeon |  10530 |   9710 |    820 |   2038 |   4821 |  10 | 1053.0 |
          Lair |   2637 |   2533 |    104 |    455 |   1390 |   4 |  659.2 |
  Orcish Mines |   4027 |   3976 |     51 |   1949 |    658 |   2 | 2013.5 |
      Ice Cave |   1627 |   1627 |      0 |    566 |    430 |   1 | 1627.0 |
               +--------+--------+--------+--------+--------+-----+--------+

Top non-repeatable levels by time:
   Orc:2: 2559 daAuts
   IceCv: 1627 daAuts
   Orc:1: 1468 daAuts
     D:4: 1460 daAuts
     D:5: 1445 daAuts
     D:9: 1337 daAuts
     D:2: 1164 daAuts
     D:8: 1045 daAuts
     D:1: 976 daAuts
  Lair:3: 966 daAuts
  Lair:2: 957 daAuts
    D:10: 880 daAuts
     D:7: 846 daAuts
     D:3: 745 daAuts
  Lair:1: 638 daAuts
